| TOP OF THE 1ST |
|
Montreal Expos batting - Pitching for Cincinnati Reds : LHP Ron Guidry
|
|
Pitching: LHP Ron Guidry
|
|
|
Batting: LHB Duane Walker
|
0-0: Ball 1-0: Foul Ball, location: 2F 1-1: Called Strike 1-2: Fly out, F8 (Line Drive, 8RM, EV 91.9 MPH)
|
|
Batting: SHB Garry Templeton
|
0-0: SINGLE (Groundball, 34D, EV 104.4 MPH)
|
|
Batting: LHB Kirk Gibson
|
0-0: Ball 1-0: Called Strike 1-1: Swinging Strike 1-2: Strikes out swinging
|
|
Batting: RHB Dale Murphy
|
0-0: Called Strike 0-1: Ball 1-1: Ball 2-1: Called Strike 2-2: Foul Ball, location: 2F 2-2: Foul Ball, location: 2F 2-2: Strikes out swinging, 2-3 out at first.
|
| Top of the 1st over - 0 runs, 1 hit, 0 errors, 1 left on base; Montreal 0 - Cincinnati 0 |
| BOTTOM OF THE 1ST |
|
Cincinnati Reds batting - Pitching for Montreal Expos : LHP Mark W Davis
|
|
Pitching: LHP Mark W Davis
|
|
|
Batting: RHB Jim Anderson
|
0-0: Fly out, F8 (Flyball, 8RD, EV 91.9 MPH)
|
|
Batting: RHB Nick Deurloo
|
0-0: Ball 1-0: SINGLE (Flyball, 4D, EV 95.0 MPH)
|
|
Batting: LHB Mike Easler
|
0-0: Swinging Strike 0-1: Ball 1-1: Ball 2-1: Foul Ball, location: 2F 2-2: Strikes out looking
|
|
Batting: RHB Johnny Bench
|
0-0: Called Strike 0-1: Ball 1-1: Ball 2-1: Fly out, F7 (Flyball, 7D, EV 98.8 MPH)
|
| Bottom of the 1st over - 0 runs, 1 hit, 0 errors, 1 left on base; Montreal 0 - Cincinnati 0 |
| TOP OF THE 2ND |
|
Montreal Expos batting - Pitching for Cincinnati Reds : LHP Ron Guidry
|
|
Batting: RHB Dave Winfield
|
0-0: Ground out 6-3 (Groundball, 6M, EV 78.8 MPH)
|
|
Batting: LHB Timnothy Meyer
|
0-0: Ball 1-0: Foul Ball, location: 2F 1-1: Ball 2-1: Ball 3-1: Fly out, F6 (Popup, 6M, EV 50.0 MPH)
|
|
Batting: LHB Ernesto Quevedo
|
0-0: Called Strike 0-1: Foul Ball, location: 2F 0-2: Foul Ball, location: 2F 0-2: SINGLE (Flyball, 89S, EV 97.5 MPH)
|
|
Batting: SHB Biff Pocoroba
|
0-0: Ball 1-0: Ball 2-0: Ground out 5-3 (Groundball, 56S, EV 90.0 MPH)
|
| Top of the 2nd over - 0 runs, 1 hit, 0 errors, 1 left on base; Montreal 0 - Cincinnati 0 |
| BOTTOM OF THE 2ND |
|
Cincinnati Reds batting - Pitching for Montreal Expos : LHP Mark W Davis
|
|
Batting: LHB Darrell Evans
|
0-0: Called Strike 0-1: Ball 1-1: Swinging Strike 1-2: Strikes out swinging
|
|
Batting: RHB Gary Matthews
|
0-0: Called Strike 0-1: Ground out 6-3 (Groundball, 56, EV 82.5 MPH)
|
|
Batting: RHB Bill Melton
|
0-0: Foul Ball, location: 2F 0-1: Foul Ball, location: 2F 0-2: DOUBLE (Line Drive, 9LM, EV 108.1 MPH)
|
|
Batting: RHB Jesus Alfaro
|
0-0: Foul Ball, location: 2F 0-1: Ball 1-1: Ball 2-1: Ball 3-1: Swinging Strike 3-2: Strikes out swinging
|
| Bottom of the 2nd over - 0 runs, 1 hit, 0 errors, 1 left on base; Montreal 0 - Cincinnati 0 |
| TOP OF THE 3RD |
|
Montreal Expos batting - Pitching for Cincinnati Reds : LHP Ron Guidry
|
|
Batting: LHB Mark W Davis
|
0-0: Fly out, F6 (Popup, 6S, EV 84.4 MPH)
|
|
Batting: LHB Duane Walker
|
0-0: Called Strike 0-1: Ball 1-1: Called Strike 1-2: Foul Ball, location: 2F 1-2: Foul Ball, location: 2F 1-2: Strikes out swinging, 2-3 out at first.
|
|
Batting: SHB Garry Templeton
|
0-0: SINGLE (Groundball, 34D, EV 101.9 MPH)
|
|
Batting: LHB Kirk Gibson
|
0-0: Ball 1-0: Swinging Strike 1-1: Called Strike 1-2: Strikes out swinging
|
| Top of the 3rd over - 0 runs, 1 hit, 0 errors, 1 left on base; Montreal 0 - Cincinnati 0 |
| BOTTOM OF THE 3RD |
|
Cincinnati Reds batting - Pitching for Montreal Expos : LHP Mark W Davis
|
|
Batting: LHB Ron Guidry
|
0-0: Foul Ball, location: 2F 0-1: Ball 1-1: Ball 2-1: Ball 3-1: Called Strike 3-2: Foul Ball, location: 2F 3-2: Strikes out looking
|
|
Batting: RHB Jim Anderson
|
0-0: Called Strike 0-1: Ball 1-1: Ball 2-1: Called Strike 2-2: Ground out 6-3 (Groundball, 56, EV 81.3 MPH)
|
|
Batting: RHB Nick Deurloo
|
0-0: Swinging Strike 0-1: Foul Ball, location: 2F 0-2: Foul Ball, location: 2F 0-2: Ball 1-2: Ball 2-2: Ball 3-2: Strikes out swinging
|
| Bottom of the 3rd over - 0 runs, 0 hits, 0 errors, 0 left on base; Montreal 0 - Cincinnati 0 |
| TOP OF THE 4TH |
|
Montreal Expos batting - Pitching for Cincinnati Reds : LHP Ron Guidry
|
|
Batting: RHB Dale Murphy
|
0-0: Called Strike 0-1: Swinging Strike 0-2: Foul Ball, location: 2F 0-2: Ball 1-2: Ball 2-2: Ball 3-2: Strikes out looking
|
|
Batting: RHB Dave Winfield
|
0-0: Ball 1-0: Ball 2-0: Foul Ball, location: 2F 2-1: Ball 3-1: Fly out, F9 (Flyball, 9S, EV 88.8 MPH)
|
|
Batting: LHB Timnothy Meyer
|
0-0: Ground out U3 (Groundball, 34, EV 76.3 MPH)
|
| Top of the 4th over - 0 runs, 0 hits, 0 errors, 0 left on base; Montreal 0 - Cincinnati 0 |
| BOTTOM OF THE 4TH |
|
Cincinnati Reds batting - Pitching for Montreal Expos : LHP Mark W Davis
|
|
Batting: LHB Mike Easler
|
0-0: Ground out U3 (Groundball, 34, EV 91.9 MPH)
|
|
Batting: RHB Johnny Bench
|
0-0: Called Strike 0-1: SINGLE (Groundball, 56D, EV 106.3 MPH)
|
|
Batting: LHB Darrell Evans
|
0-0: Ball 1-0: Ball 2-0: Ball 3-0: Base on Balls Johnny Bench to second
|
|
Batting: RHB Gary Matthews
|
0-0: Called Strike 0-1: Ball 1-1: Foul Ball, location: 2F 1-2: Ball 2-2: Ball 3-2: DOUBLE (Line Drive, 5D, EV 99.4 MPH) Johnny Bench scores Darrell Evans to third Runner from 3rd tries for Home, SAFE, throw by LF to trailing runner, SAFE at third!
|
|
Batting: RHB Bill Melton
|
0-0: Ball 1-0: Swinging Strike 1-1: Foul Ball, location: 2F 1-2: Ground out U3 (Groundball, 34, EV 82.5 MPH) Gary Matthews scores
|
|
Batting: RHB Jesus Alfaro
|
0-0: Called Strike 0-1: Ball 1-1: Ball 2-1: Called Strike 2-2: Ball 3-2: Fly out, F7 (Flyball, 78S, EV 84.4 MPH)
|
| Bottom of the 4th over - 3 runs, 2 hits, 0 errors, 0 left on base; Montreal 0 - Cincinnati 3 |
| TOP OF THE 5TH |
|
Montreal Expos batting - Pitching for Cincinnati Reds : LHP Ron Guidry
|
|
Batting: LHB Ernesto Quevedo
|
0-0: Ball 1-0: Ground out 1-3 (Groundball, 15S, EV 57.5 MPH)
|
|
Batting: SHB Biff Pocoroba
|
0-0: Ball 1-0: Swinging Strike 1-1: Ball 2-1: Swinging Strike 2-2: Ball 3-2: Foul Ball, location: 2F 3-2: Ground out 6-3 (Groundball, 6, EV 90.6 MPH)
|
|
Batting: LHB Mark W Davis
|
0-0: Ball 1-0: Called Strike 1-1: Swinging Strike 1-2: Ball 2-2: Strikes out looking
|
| Top of the 5th over - 0 runs, 0 hits, 0 errors, 0 left on base; Montreal 0 - Cincinnati 3 |
| BOTTOM OF THE 5TH |
|
Cincinnati Reds batting - Pitching for Montreal Expos : LHP Mark W Davis
|
|
Batting: LHB Ron Guidry
|
0-0: Ground out 1-3 (Groundball, P, EV 70.6 MPH)
|
|
Batting: RHB Jim Anderson
|
0-0: Ball 1-0: Called Strike 1-1: Foul Ball, location: 2F 1-2: Strikes out swinging
|
|
Batting: RHB Nick Deurloo
|
0-0: Ball 1-0: Called Strike 1-1: Ball 2-1: Ball 3-1: Foul Ball, location: 2F 3-2: Base on Balls
|
|
Batting: LHB Mike Easler
|
0-0: Ball 1-0: Ball 2-0: Ball 3-0: Called Strike 3-1: Foul Ball, location: 2F 3-2: Strikes out swinging
|
| Bottom of the 5th over - 0 runs, 0 hits, 0 errors, 1 left on base; Montreal 0 - Cincinnati 3 |
| TOP OF THE 6TH |
|
Montreal Expos batting - Pitching for Cincinnati Reds : LHP Ron Guidry
|
|
Batting: LHB Duane Walker
|
0-0: Fly out, F8 (Flyball, 78XD, EV 102.5 MPH)
|
|
Batting: SHB Garry Templeton
|
0-0: Called Strike 0-1: Ball 1-1: Ball 2-1: Ball 3-1: Base on Balls
|
|
Batting: LHB Kirk Gibson
|
0-0: Called Strike 0-1: Swinging Strike 0-2: Strikes out looking
|
|
Batting: RHB Dale Murphy
|
0-0: Ball 1-0: Called Strike 1-1: Ball 2-1: Fielders Choice at 2nd, 6-4 (Groundball, 6, EV 105.6 MPH)
|
| Top of the 6th over - 0 runs, 0 hits, 0 errors, 1 left on base; Montreal 0 - Cincinnati 3 |
| BOTTOM OF THE 6TH |
|
Cincinnati Reds batting - Pitching for Montreal Expos : LHP Mark W Davis
|
|
Batting: RHB Johnny Bench
|
0-0: Called Strike 0-1: Called Strike 0-2: SINGLE (Line Drive, 6MD, EV 99.4 MPH)
|
|
Batting: LHB Darrell Evans
|
0-0: Ball 1-0: Fly out, F8 (Flyball, 8LD, EV 78.1 MPH)
|
|
Batting: RHB Gary Matthews
|
0-0: Ball 1-0: Grounds into double play, 5-4-3 (Groundball, 56, EV 83.8 MPH)
|
| Bottom of the 6th over - 0 runs, 1 hit, 0 errors, 0 left on base; Montreal 0 - Cincinnati 3 |
| TOP OF THE 7TH |
|
Montreal Expos batting - Pitching for Cincinnati Reds : LHP Ron Guidry
|
|
Batting: RHB Dave Winfield
|
0-0: Called Strike 0-1: Ball 1-1: Called Strike 1-2: Strikes out swinging
|
|
Batting: LHB Timnothy Meyer
|
0-0: Ball 1-0: Swinging Strike 1-1: Foul Ball, location: 2F 1-2: Ground out 6-3 (Groundball, 6, EV 78.1 MPH)
|
|
Batting: LHB Ernesto Quevedo
|
0-0: Called Strike 0-1: Ground out 6-3 (Groundball, 6, EV 83.1 MPH)
|
| Top of the 7th over - 0 runs, 0 hits, 0 errors, 0 left on base; Montreal 0 - Cincinnati 3 |
| BOTTOM OF THE 7TH |
|
Cincinnati Reds batting - Pitching for Montreal Expos : LHP Mark W Davis
|
|
Batting: RHB Bill Melton
|
0-0: Ball 1-0: Called Strike 1-1: Swinging Strike 1-2: Ball 2-2: Ball 3-2: Fly out, F9 (Flyball, 9LS, EV 89.4 MPH)
|
|
Batting: RHB Jesus Alfaro
|
0-0: Called Strike 0-1: Ball 1-1: Ball 2-1: Ball 3-1: Base on Balls
|
|
Batting: LHB Ron Guidry
|
0-0: Reached on error, E3 (Groundball, 3S, EV 43.8 MPH) Jesus Alfaro to second
|
|
Batting: RHB Jim Anderson
|
0-0: Called Strike 0-1: Called Strike 0-2: Ball 1-2: Ball 2-2: Strikes out swinging
|
|
Batting: RHB Nick Deurloo
|
0-0: Ball 1-0: Ball 2-0: Foul Ball, location: 2F 2-1: Ground out 4-3 (Groundball, 4, EV 102.5 MPH)
|
| Bottom of the 7th over - 0 runs, 0 hits, 1 error, 2 left on base; Montreal 0 - Cincinnati 3 |
| TOP OF THE 8TH |
|
Montreal Expos batting - Pitching for Cincinnati Reds : LHP Ron Guidry
|
|
Batting: SHB Biff Pocoroba
|
0-0: Foul Ball, location: 2F 0-1: Fly out, F3 (Popup, 3D, EV 53.8 MPH)
|
|
Batting: LHB Mark W Davis
|
0-0: Called Strike 0-1: Ground out 4-3 (Groundball, 4M, EV 82.5 MPH)
|
|
Batting: LHB Duane Walker
|
0-0: Ball 1-0: Called Strike 1-1: Ball 2-1: Swinging Strike 2-2: Strikes out swinging
|
| Top of the 8th over - 0 runs, 0 hits, 0 errors, 0 left on base; Montreal 0 - Cincinnati 3 |
| BOTTOM OF THE 8TH |
|
Cincinnati Reds batting - Pitching for Montreal Expos : LHP Mark W Davis
|
|
Batting: LHB Mike Easler
|
0-0: Fly out, F7 (Line Drive, 7D, EV 110.0 MPH)
|
|
Batting: RHB Johnny Bench
|
0-0: Called Strike 0-1: Ball 1-1: Ball 2-1: Fly out, F9 (Flyball, 89D, EV 89.4 MPH)
|
|
Batting: LHB Darrell Evans
|
0-0: Called Strike 0-1: Fly out, F3 (Popup, 3DF, EV 75.6 MPH)
|
| Bottom of the 8th over - 0 runs, 0 hits, 0 errors, 0 left on base; Montreal 0 - Cincinnati 3 |
| TOP OF THE 9TH |
|
Montreal Expos batting - Pitching for Cincinnati Reds : LHP Ron Guidry
|
|
Batting: SHB Garry Templeton
|
0-0: Ball 1-0: Called Strike 1-1: Called Strike 1-2: Foul Ball, location: 2F 1-2: Foul Ball, location: 2F 1-2: Strikes out swinging
|
|
Batting: LHB Kirk Gibson
|
0-0: Ball 1-0: Swinging Strike 1-1: Ground out 4-3 (Groundball, 4, EV 87.5 MPH)
|
|
Pitching: RHP Jay Dillard
|
|
|
Now in RF: Jim Bennett
|
|
|
Batting: RHB Dale Murphy
|
0-0: Ball 1-0: Ball 2-0: Ball 3-0: Base on Balls
|
|
Batting: RHB Dave Winfield
|
0-0: Foul Ball, location: 2F 0-1: Foul Ball, location: 2F 0-2: Ball 1-2: Foul Ball, location: 2F 1-2: Ball 2-2: Strikes out swinging
|
| Top of the 9th over - 0 runs, 0 hits, 0 errors, 1 left on base; Montreal 0 - Cincinnati 3 |
|